[Event "Titled Tuesday Blitz November 14 Early 2023"]
[White "Xu, Yi"]
[Black "Duda, Jan-Krzysztof"]
[WhiteFideId "8605564"]
[BlackFideId "1170546"]
[WhiteElo "2820"]
[BlackElo "3085"]
[Result "0-1"]
[Round "8"]
[TimeControl "180+1"]
[Date "2023.11.14"]
[WhiteClock "0:00:02"]
[BlackClock "0:00:04"]
[Board "17"]

1. e4 c5 2. Nf3 d6 3. Bb5+ Nc6 4. O-O Bd7 5. Re1 Nf6 6. c3 a6 7. Bf1 Bg4 8. d4 Bxf3 9. gxf3 d5 10. e5 Nh5 11. f4 g6 12. f5 cxd4 13. cxd4 Ng7 14. f6 Nf5 15. Nc3 e6 16. Be3 Bb4 17. a3 Ba5 18. Bh3 Bxc3 19. bxc3 Qc7 20. Bxf5 gxf5 21. Bh6 O-O-O 22. Bg7 Rhe8 23. Qh5 Rd7 24. Qxh7 Qa5 25. Qh3 Rc7 26. Qf3 Na7 27. h4 Nb5 28. h5 Nxc3 29. h6 Ne4 30. h7 Ng5 31. Qh5 Nxh7 32. Qxh7 Kb8 33. Qh5 Rec8 34. Re3 Qd2 35. Rd1 Qb2 36. Kg2 Rc2 37. Rf1 Qxd4 38. Qxf7 Qxe3 39. Qxe6 Qg5+ 40. Kh1 R8c3 41. Qg8+ Ka7 42. Qh7 Qg4 43. Kh2 Qf4+ 44. Kg2 Rg3+ 45. Kh1 Qf3+ 46. Kh2 Qg2# 0-1


[Site "https://www.chess.com"]

[Event "Titled Tuesday Blitz November 14 Early 2023"]
[White "Pranav, V"]
[Black "Vakhlamov, Igor L."]
[WhiteFideId "25060783"]
[BlackFideId "24126748"]
[WhiteElo "3083"]
[BlackElo "2805"]
[Result "1/2-1/2"]
[Round "8"]
[TimeControl "180+1"]
[Date "2023.11.14"]
[WhiteClock "0:00:04"]
[BlackClock "0:00:04"]
[Board "18"]

1. Nf3 d5 2. g3 Nf6 3. Bg2 c5 4. O-O Nc6 5. d3 e6 6. Nbd2 g6 7. e4 Bg7 8. Re1 O-O 9. exd5 exd5 10. d4 cxd4 11. Nb3 Bg4 12. Nbxd4 Qb6 13. Be3 Qxb2 14. Rb1 Qxa2 15. Rxb7 Nxd4 16. Bxd4 Rfe8 17. Rxe8+ Rxe8 18. Rxa7 Qc4 19. h3 Bxf3 20. Bxf3 Ne4 21. Be3 Nc3 22. Qd3 Qc6 23. Kg2 Ne4 24. Ra5 Nc3 25. Rc5 Qf6 26. Rc7 d4 27. Bf4 h5 28. Qc4 Qf5 29. Qc6 Rd8 30. Qb7 g5 31. Bd2 g4 32. hxg4 hxg4 33. Bc6 Nd5 34. Rd7 Qf3+ 35. Kg1 Rxd7 36. Qxd7 Qd1+ 37. Kg2 Qf3+ 38. Kf1 Qh1+ 39. Ke2 Qf3+ 40. Ke1 Qh1+ 41. Ke2 Qf3+ 42. Kf1 Qh1+ 43. Ke2 1/2-1/2


[Site "https://www.chess.com"]

[Event "Titled Tuesday Blitz November 14 Early 2023"]
[White "Sadhwani, Raunak"]
[Black "Kopylov, Alexander A."]
[WhiteFideId "35093487"]
[BlackFideId "4164857"]
[WhiteElo "3041"]
[BlackElo "2805"]
[Result "1-0"]
[Round "8"]
[TimeControl "180+1"]
[Date "2023.11.14"]
[WhiteClock "0:00:15"]
[BlackClock "0:00:57"]
[Board "19"]

1. e4 e5 2. d4 exd4 3. Qxd4 Nc6 4. Qc4 g6 5. Nc3 Bg7 6. h4 Nf6 7. Bf4 O-O 8. O-O-O d6 9. f3 Be6 10. Qe2 Nh5 11. Bh2 Bxc3 12. bxc3 Qf6 13. Qd2 d5 14. g4 Ng7 15. exd5 Rad8 16. Bc4 Na5 17. Qd4 Qe7 18. Nh3 Qa3+ 19. Kb1 b5 20. Bb3 Bxd5 21. Qb4 Qxb4 22. cxb4 Nxb3 23. axb3 Bxf3 24. Rxd8 Rxd8 25. Rg1 Rd2 26. Bf4 Rd4 27. Rg3 Be4 28. Bxc7 Rxb4 29. Be5 h5 30. Nf2 hxg4 31. Kb2 Nf5 32. Rxg4 Ne3 33. Rxe4 Rxe4 34. Nxe4 Nf5 35. h5 gxh5 36. Nf6+ Kf8 37. Nxh5 Ke7 38. Nf4 Kd7 39. Ka3 a5 40. b4 axb4+ 41. Kxb4 Kc6 42. c3 Ne3 43. Kb3 Nf5 44. Bf6 Ne3 45. Bd4 Nf5 46. Ne2 Nd6 47. Bf2 f5 48. Nd4+ Kd5 49. Bg3 Ne4 50. Be1 f4 51. Kb4 f3 52. Nxf3 Nxc3 53. Bxc3 Ke4 54. Nd4 Kd5 55. Nb3 Ke4 56. Nc5+ Kd5 57. Be1 Kd4 58. Bh4 Kd5 59. Be7 Kd4 60. Bf6+ Kd5 61. Bc3 Kd6 62. Kxb5 Kd5 63. Kb4 Kd6 64. Kc4 Kc6 65. Ne4 Kb6 66. Bb4 Kc6 67. Bc5 Kc7 68. Kd5 Kd7 69. Nf6+ Kc7 70. Bd4 Kb7 71. Kc5 Kc7 72. Be5+ Kb7 73. Nd5 Kc8 74. Kd6 Kb7 75. Bc3 Kc8 76. Nc7 Kd8 77. Bb4 Kc8 78. Kc6 Kb8 79. Nb5 Ka8 80. Be7 Kb8 81. Bh4 Ka8 82. Kb6 Kb8 83. Kc6 Ka8 84. Bg5 Kb8 85. Nc7 Ka7 86. Be3+ Kb8 87. Bd4 Kc8 88. Ba7 Kd8 89. Nd5 Kc8 90. Ne7+ Kd8 91. Kd6 Ke8 92. Ke6 Kd8 93. Bb6+ Ke8 94. Bc7 Kf8 95. Nf5 Ke8 96. Ng7+ Kf8 97. Kf6 Kg8 98. Kg6 Kf8 99. Bd6+ Kg8 100. Nf5 Kh8 101. Bc5 Kg8 102. Nh6+ Kh8 103. Bd4# 1-0


[Site "https://www.chess.com"]

[Event "Titled Tuesday Blitz November 14 Early 2023"]
[White "Narayanan, Srinath"]
[Black "Demchenko, Anton"]
[WhiteFideId "5018420"]
[BlackFideId "4160258"]
[WhiteElo "2797"]
[BlackElo "3016"]
[Result "1-0"]
[Round "8"]
[TimeControl "180+1"]
[Date "2023.11.14"]
[WhiteClock "0:00:04"]
[BlackClock "0:00:00"]
[Board "20"]

1. Nf3 Nf6 2. c4 d6 3. d4 Nc6 4. g3 e5 5. d5 Ne7 6. Bg2 Ng6 7. Nc3 Be7 8. h3 O-O 9. e4 h6 10. O-O Nh7 11. Be3 f5 12. exf5 Bxf5 13. Nd2 Bg5 14. Qe2 Bxe3 15. Qxe3 Ne7 16. f4 Ng6 17. Ne2 exf4 18. Nxf4 Nxf4 19. Rxf4 Qe8 20. Qf2 Qg6 21. Re1 Bd3 22. Re7 Rxf4 23. Qxf4 Rf8 24. Qe3 Rf7 25. Rxf7 Kxf7 26. Ne4 Bb1 27. Nc3 Bd3 28. Nb5 Bxc4 29. Qf4+ Nf6 30. Qxc4 Qxg3 31. Qe2 Qf4 32. Nc3 Qc1+ 33. Kf2 Qf4+ 34. Bf3 Qh4+ 35. Kg2 Qg5+ 36. Kh1 Qh4 37. Bg2 a6 38. Qe6+ Kf8 39. Qc8+ Kf7 40. Qxc7+ Kg6 41. Qe7 Qf4 42. Qe2 Qc1+ 43. Kh2 Qf4+ 44. Kg1 Qc1+ 45. Bf1 Qf4 46. Qf2 Qe5 47. Bd3+ Kf7 48. Qf5 Qd4+ 49. Kg2 b5 50. Ne2 Qxb2 51. Qe6+ Kf8 52. Bg6 1-0


[Site "https://www.chess.com"]

[Event "Titled Tuesday Blitz November 14 Early 2023"]
[White "Suyarov, Mukhammadzokhid"]
[Black "Vokhidov, Shamsiddin"]
[WhiteFideId "14210495"]
[BlackFideId "14204223"]
[WhiteElo "2787"]
[BlackElo "2996"]
[Result "0-1"]
[Round "8"]
[TimeControl "180+1"]
[Date "2023.11.14"]
[WhiteClock "0:00:00"]
[BlackClock "0:00:11"]
[Board "21"]

1. d4 Nf6 2. Nc3 d5 3. Bf4 c5 4. e4 cxd4 5. Qxd4 Nc6 6. Bb5 Bd7 7. Bxc6 Bxc6 8. e5 Nd7 9. e6 fxe6 10. Nf3 Qb6 11. Qd2 d4 12. Qxd4 Bxf3 13. Qxb6 axb6 14. gxf3 g6 15. O-O-O Bg7 16. Rhe1 Bxc3 17. bxc3 Rxa2 18. Rxe6 Kf7 19. Rde1 Ra1+ 20. Kb2 Rxe1 21. Rxe1 Ra8 22. Rd1 Nf6 23. Be5 Ne8 24. Bd4 Nd6 25. Kb3 Ra5 26. c4 b5 27. c5 Nf5 28. Bc3 Ra4 29. Bb4 Ra8 30. Rd7 Rb8 31. Bc3 Ke6 32. Rc7 Kd5 33. Kb4 b6 34. cxb6 Rxb6 35. Rc5+ Kd6 36. Rxb5 Rc6 37. Be5+ Ke6 38. c4 Ra6 39. f4 Ra2 40. Rb6+ Kd7 41. c5 Rc2 42. Kb5 Rc1 43. c6+ Ke6 44. Rb8 Nd6+ 45. Bxd6 exd6 46. Re8+ Kd5 47. Rc8 Rb1+ 48. Ka6 Kc5 49. h4 Rb6+ 50. Ka7 Rxc6 51. Rh8 h5 52. f5 gxf5 53. Rxh5 d5 54. Rxf5 Kc4 55. Kb7 Rh6 56. h5 d4 57. Rf4 Kc3 58. Rh4 d3 59. Rh3 Kc2 60. Rh1 d2 61. Kc7 d1=Q 0-1


[Site "https://www.chess.com"]

[Event "Titled Tuesday Blitz November 14 Early 2023"]
[White "Matlakov, Maxim"]
[Black "Llorente Zaro, Alfonso"]
[WhiteFideId "4168003"]
[BlackFideId "2254131"]
[WhiteElo "2948"]
[BlackElo "2777"]
[Result "1-0"]
[Round "8"]
[TimeControl "180+1"]
[Date "2023.11.14"]
[WhiteClock "0:00:04"]
[BlackClock "0:00:00"]
[Board "22"]

1. d4 f5 2. Bf4 Nf6 3. e3 e6 4. Nf3 d5 5. Be2 Bd6 6. O-O O-O 7. c4 c6 8. Nbd2 Bxf4 9. exf4 Bd7 10. Qb3 Qb6 11. Ne5 Be8 12. Ndf3 Nbd7 13. Ng5 Bf7 14. Ngxf7 Rxf7 15. Nxf7 Kxf7 16. Rfd1 Qxb3 17. axb3 a6 18. f3 g6 19. Kf2 Rd8 20. Ra4 Rc8 21. Ke3 Ke7 22. c5 Kd8 23. g4 Kc7 24. Rg1 Re8 25. b4 Nf8 26. h3 Re7 27. Bxa6 bxa6 28. Rxa6 N8d7 29. Rga1 Nb8 30. Ra8 Kc8 31. R1a6 Rc7 32. Kd3 Nd7 33. Ra1 Rb7 34. Kc3 Nf8 35. R1a5 Kc7 36. Kb3 Nfd7 37. Ka4 fxg4 38. fxg4 Nf6 39. b5 cxb5+ 40. Rxb5 Rxb5 41. Kxb5 Nc6 42. Ra4 Ne4 43. Ka6 h6 44. h4 h5 45. g5 Nd2 46. b4 Nf3 47. b5 Ncxd4 48. Rb4 Nc6 49. Rb1 Nfd4 50. bxc6 Kxc6 51. Rb8 Nf5 52. Re8 Kxc5 53. Rxe6 Nxh4 54. f5 Nxf5 55. Rxg6 Kd4 56. Rf6 Ke5 57. Rf7 Ke6 58. Rf6+ Ke5 59. Rf7 Ke6 60. g6 Nh6 61. Rf8 d4 62. g7 d3 63. Rh8 Kf7 64. Rxh6 Kxg7 65. Rd6 1-0


[Site "https://www.chess.com"]

[Event "Titled Tuesday Blitz November 14 Early 2023"]
[White "Gurel, Ediz"]
[Black "Nigmatov, Ortik"]
[WhiteFideId "44507356"]
[BlackFideId "14202131"]
[WhiteElo "2933"]
[BlackElo "2769"]
[Result "1-0"]
[Round "8"]
[TimeControl "180+1"]
[Date "2023.11.14"]
[WhiteClock "0:00:14"]
[BlackClock "0:00:00"]
[Board "23"]

1. e4 c5 2. Nf3 e6 3. d4 cxd4 4. Nxd4 Nf6 5. Nc3 d6 6. g3 a6 7. Bg2 Be7 8. O-O O-O 9. Qe2 Qc7 10. Be3 Nc6 11. f4 Bd7 12. Rad1 Rac8 13. Nb3 b5 14. a3 Rfe8 15. g4 h6 16. h4 Nh7 17. g5 hxg5 18. hxg5 g6 19. Kf2 Qd8 20. Rh1 e5 21. Nd5 Rb8 22. Qd2 exf4 23. Bxf4 Ne5 24. Nxe7+ Rxe7 25. Qxd6 Rb6 26. Qd4 Rc6 27. Bxe5 Rxc2+ 28. Rd2 Rc4 29. Qd6 Re6 30. Qxd7 Qb6+ 31. Bd4 Qb8 32. Rxh7 Qf4+ 33. Bf3 Kxh7 34. Qd8 Qh2+ 35. Kf1 Qh3+ 36. Bg2 Rxd4 37. Nxd4 1-0


[Site "https://www.chess.com"]

[Event "Titled Tuesday Blitz November 14 Early 2023"]
[White "Ashraf, Artin"]
[Black "Javakhadze, Zurab"]
[WhiteFideId "22514805"]
[BlackFideId "13603647"]
[WhiteElo "2928"]
[BlackElo "2767"]
[Result "0-1"]
[Round "8"]
[TimeControl "180+1"]
[Date "2023.11.14"]
[WhiteClock "0:00:04"]
[BlackClock "0:00:04"]
[Board "24"]

1. c4 e6 2. Nf3 d5 3. d4 Nf6 4. Nc3 Nbd7 5. Bf4 dxc4 6. e3 Nd5 7. Bg5 f6 8. Bh4 Bb4 9. Qc2 b5 10. a4 c6 11. axb5 cxb5 12. Be2 Bb7 13. O-O a6 14. Bg3 O-O 15. e4 N5b6 16. Rfd1 Qe7 17. e5 f5 18. Bh4 Qf7 19. Ng5 Qg6 20. Bf3 Bxf3 21. Nxf3 Bxc3 22. Qxc3 Nd5 23. Qa5 h6 24. h3 f4 25. Qa3 Qf7 26. Qd6 N7b6 27. Ra5 Ra7 28. Rda1 Rd7 29. Qc6 Rc8 30. Qxc8+ Nxc8 31. Rxa6 g5 32. Bxg5 hxg5 33. Nxg5 Qe7 34. Nxe6 Ra7 35. Nc5 Rxa6 36. Rxa6 f3 37. g3 Ncb6 38. Ra5 b4 39. Ne4 c3 40. bxc3 bxc3 41. Rc5 Qh7 42. Rc8+ Nxc8 0-1


[Site "https://www.chess.com"]

[Event "Titled Tuesday Blitz November 14 Early 2023"]
[White "Yeletsky, Ivan"]
[Black "Saydaliev, Saidakbar"]
[WhiteFideId "24180327"]
[BlackFideId "14203693"]
[WhiteElo "2906"]
[BlackElo "2759"]
[Result "0-1"]
[Round "8"]
[TimeControl "180+1"]
[Date "2023.11.14"]
[WhiteClock "0:00:04"]
[BlackClock "0:00:15"]
[Board "25"]

1. e4 e5 2. Nf3 Nc6 3. g3 Nf6 4. d3 d5 5. exd5 Nxd5 6. Bg2 Bc5 7. O-O O-O 8. Re1 Re8 9. Nbd2 Bg4 10. c3 a5 11. h3 Bh5 12. Ne4 Bf8 13. g4 Bg6 14. Bg5 f6 15. Bd2 Kh8 16. Nh4 Bf7 17. a4 Nb6 18. Qf3 h6 19. Nf5 Bg6 20. h4 Nd5 21. g5 Nf4 22. Bxf4 exf4 23. Qxf4 fxg5 24. hxg5 Re5 25. Nh4 Bxe4 26. Bxe4 Rxg5+ 27. Kf1 Bd6 28. Qf7 Ne5 29. Qe6 Rg1+ 30. Kxg1 Qxh4 31. Bg2 Nxd3 32. Qf5 Nxe1 33. Rxe1 Rf8 34. Re4 Qh2+ 0-1


[Site "https://www.chess.com"]

[Event "Titled Tuesday Blitz November 14 Early 2023"]
[White "Sattarov, Bobir"]
[Black "Rustemov, Alexander"]
[WhiteFideId "14203081"]
[BlackFideId "4119002"]
[WhiteElo "2751"]
[BlackElo "2904"]
[Result "1/2-1/2"]
[Round "8"]
[TimeControl "180+1"]
[Date "2023.11.14"]
[WhiteClock "0:00:03"]
[BlackClock "0:00:04"]
[Board "26"]

1. d4 d5 2. Nf3 c6 3. c3 Nf6 4. Bf4 Bf5 5. e3 e6 6. Nbd2 Bd6 7. Ne5 Qc7 8. Qf3 Nbd7 9. Nxd7 Nxd7 10. Bxd6 Qxd6 11. e4 dxe4 12. Nxe4 Bxe4 13. Qxe4 Nf6 14. Qe5 Qxe5+ 15. dxe5 Ng4 16. f4 O-O-O 17. Be2 Ne3 18. Kf2 Nd5 19. g3 Nb6 20. Rad1 Na4 21. Ke3 Nxb2 22. Rb1 Na4 23. Rhc1 Rd7 24. Rb4 Nc5 25. Rd4 Rhd8 26. h4 h6 27. g4 Kc7 28. Rg1 Rh8 29. h5 b6 30. g5 hxg5 31. Rxg5 Rh7 32. Bd1 f6 33. Rg6 fxe5 34. fxe5 Rf7 35. Bg4 Rf1 36. Bxe6 Re1+ 37. Kf4 Rf1+ 38. Ke3 Re1+ 39. Kf4 b5 40. Bg4 Rf1+ 41. Kg5 Re1 42. Bf3 Rxe5+ 43. Kf4 Re6 44. Kf5 Rxg6 45. Kxg6 Rh8 46. Kxg7 Re8 47. Bg4 Re1 48. h6 Rh1 49. h7 a5 50. h8=Q Rxh8 51. Kxh8 Na4 52. c4 b4 53. Bd1 Nc3 54. a3 bxa3 55. Bb3 a2 56. Bxa2 Nxa2 57. c5 Nb4 58. Kg7 Na6 59. Rc4 a4 60. Rxa4 Nxc5 61. Rc4 Kd6 62. Kf6 Kd5 63. Rc1 Ne4+ 64. Kf5 Nd6+ 65. Kf4 c5 66. Rd1+ Kc6 67. Ke5 Nc4+ 68. Ke6 Nb6 69. Rc1 Kb5 70. Rb1+ Kc6 71. Rb2 Nc4 72. Ra2 Nb6 73. Ra5 Nc4 74. Ra4 Nb6 75. Ra1 Nc4 76. Rh1 Nb6 77. Rh6 c4 78. Ke5+ Kc5 79. Rh8 c3 80. Ke4 Kc4 81. Rh1 Na4 82. Ke3 Nc5 83. Rb1 Nb3 84. Rd1 c2 85. Re1 Kc3 86. Ke2 Nd4+ 87. Ke3 Nb3 88. Rf1 Nc5 89. Rc1 Nd3 90. Rxc2+ Kxc2 1/2-1/2


[Site "https://www.chess.com"]

[Event "Titled Tuesday Blitz November 14 Early 2023"]
[White "Salinas Herrera, Pablo"]
[Black "Petkov, Momchil"]
[WhiteFideId "3407128"]
[BlackFideId "2921642"]
[WhiteElo "2900"]
[BlackElo "2745"]
[Result "0-1"]
[Round "8"]
[TimeControl "180+1"]
[Date "2023.11.14"]
[WhiteClock "0:01:48"]
[BlackClock "0:00:47"]
[Board "27"]

1. d4 d5 2. Nf3 e6 3. Bf4 Nf6 4. e3 c5 5. c3 Nc6 6. Nbd2 cxd4 7. exd4 Nh5 8. Be3 Bd6 9. g3 Nf6 10. Bd3 Ng4 11. Qe2 Nxe3 12. fxe3 f5 13. c4 O-O 14. a3 a5 15. O-O Qf6 16. Rac1 Qh6 17. cxd5 exd5 18. Bb5 Bd7 19. Bxc6 Bxc6 20. Nb3 Rae8 21. Rc3 f4 22. gxf4 Bxf4 23. Ne5 Bxe5 24. Rxf8+ Rxf8 25. dxe5 Qg6+ 26. Qg2 Qxg2+ 27. Kxg2 d4+ 28. Rxc6 bxc6 29. Nxd4 c5 30. Nc6 a4 31. e6 Re8 32. e7 Kf7 33. Kf3 Rc8 34. Na7 Rb8 35. Nc6 Rb6 36. Ne5+ Kxe7 37. Nc4 Rh6 38. Ke4 Rxh2 39. Kd5 Rc2 40. Kxc5 h5 41. Kd4 Rxc4+ 0-1


[Site "https://www.chess.com"]

[Event "Titled Tuesday Blitz November 14 Early 2023"]
[White "Borsuk, Konstantin"]
[Black "Mahdavi, Reza"]
[WhiteFideId "14113406"]
[BlackFideId "12595926"]
[WhiteElo "2736"]
[BlackElo "2885"]
[Result "1-0"]
[Round "8"]
[TimeControl "180+1"]
[Date "2023.11.14"]
[WhiteClock "0:01:32"]
[BlackClock "0:02:18"]
[Board "28"]

1. d4 Nf6 2. c4 g6 3. f3 Bg7 4. e4 d6 5. Nc3 Kf8 6. Be3 Nbd7 7. Nge2 e5 8. d5 Nh5 9. Qd2 a5 10. O-O-O Nc5 11. g4 Nf6 12. Kb1 b6 13. Ng3 Ne8 14. h4 h5 15. gxh5 gxh5 16. Bg5 f6 17. Be3 Qe7 18. Bh3 Bxh3 19. Rxh3 Qf7 20. Nf5 Rh7 21. Rg1 Bh8 22. Rhg3 Ra7 23. Qg2 Ng7 24. Nxg7 Bxg7 25. Rxg7 Rxg7 26. Bh6 c6 27. Bxg7+ Qxg7 28. Qxg7+ Rxg7 29. Rxg7 Kxg7 30. dxc6 1-0


[Site "https://www.chess.com"]

[Event "Titled Tuesday Blitz November 14 Early 2023"]
[White "AlmasRakhmatullaev"]
[Black "Dowgird, Filip"]
[BlackFideId "1121235"]
[WhiteElo "2880"]
[BlackElo "2695"]
[Result "0-1"]
[Round "8"]
[TimeControl "180+1"]
[Date "2023.11.14"]
[WhiteClock "0:00:00"]
[BlackClock "0:00:19"]
[Board "29"]

1. e4 d6 2. d4 Nf6 3. Nc3 c6 4. f3 b5 5. Be3 d5 6. exd5 Nxd5 7. Nxd5 Qxd5 8. Ne2 e6 9. Qd2 Be7 10. h4 Nd7 11. h5 Nb6 12. h6 g6 13. Nf4 Qd8 14. b3 a5 15. Nd3 Nd5 16. Bf2 Bb4 17. Nxb4 axb4 18. Bd3 f5 19. Bg3 Kf7 20. Be5 Re8 21. g4 Qe7 22. Kf2 Bd7 23. Rae1 Rxa2 24. gxf5 exf5 25. Kg3 Be6 26. Re2 Nc3 27. Ree1 Bxb3 28. d5 Qxe5+ 29. Rxe5 Rxe5 30. dxc6 Be6 31. c7 Rc5 32. Qf4 Ra7 33. Qd4 Raxc7 34. Re1 f4+ 35. Kf2 Ke7 36. Qg7+ Kd6 37. Qd4+ Nd5 38. Be4 Rc4 39. Qg7 Rxg7 40. hxg7 Rc8 41. Rh1 Bg8 42. Rd1 Rc7 43. Rd4 Rxg7 44. Bd3 Kc5 45. Re4 Re7 0-1


[Site "https://www.chess.com"]

[Event "Titled Tuesday Blitz November 14 Early 2023"]
[White "Hua, Lefong"]
[Black "Madaminov, Mukhiddin"]
[WhiteFideId "2602253"]
[BlackFideId "14210703"]
[WhiteElo "2708"]
[BlackElo "2880"]
[Result "1-0"]
[Round "8"]
[TimeControl "180+1"]
[Date "2023.11.14"]
[WhiteClock "0:00:17"]
[BlackClock "0:00:10"]
[Board "30"]

1. d4 e6 2. c4 b6 3. Nc3 Bb7 4. e4 Bb4 5. f3 f5 6. e5 Nc6 7. Be3 Nh6 8. Nh3 O-O 9. a3 Bxc3+ 10. bxc3 Nf7 11. Qd2 Na5 12. Rb1 Ba6 13. c5 Bxf1 14. Kxf1 d6 15. cxd6 cxd6 16. exd6 Nxd6 17. Nf4 Re8 18. Qa2 Ndc4 19. Re1 e5 20. dxe5 Rxe5 21. Bd4 Rxe1+ 22. Kxe1 Qd6 23. Nd3 Qxa3 24. Qxa3 Nxa3 25. Kf2 Nb5 26. Re1 Rd8 27. Re7 Nc6 28. Rxg7+ Kf8 29. Rxh7 Nbxd4 30. Rh8+ Ke7 31. Rxd8 Kxd8 32. cxd4 Nxd4 33. Ke3 Nb3 34. h4 a5 35. h5 Ke7 36. g4 fxg4 37. fxg4 a4 38. Nb4 b5 39. h6 Kf7 40. Kd3 Kg6 41. g5 Nc5+ 42. Kd4 Nb3+ 43. Kc3 Na5 44. Kd4 Nb3+ 45. Kc3 Kh7 46. Na2 Kg6 47. Kb4 Nd4 48. Kc5 b4 49. Kxd4 b3 50. Kc3 bxa2 51. Kb2 Kh7 52. Kxa2 Kg6 53. Ka3 Kh7 54. Kxa4 Kg6 55. Kb5 Kh7 56. Kc5 Kg6 57. Kd5 Kh7 58. Ke5 Kg6 59. Kf4 Kh7 60. Kf5 Kg8 61. g6 Kh8 62. Kf6 Kg8 63. g7 Kh7 64. Kf7 Kxh6 65. g8=Q Kh5 66. Qg3 Kh6 67. Qg6# 1-0


[Site "https://www.chess.com"]

[Event "Titled Tuesday Blitz November 14 Early 2023"]
[White "Henriquez Villagra, Cristobal"]
[Black "Raahul V S"]
[WhiteFideId "3409350"]
[BlackFideId "25035525"]
[WhiteElo "2880"]
[BlackElo "2695"]
[Result "1-0"]
[Round "8"]
[TimeControl "180+1"]
[Date "2023.11.14"]
[WhiteClock "0:00:18"]
[BlackClock "0:00:14"]
[Board "31"]

1. d4 d5 2. c4 e6 3. Nc3 c5 4. e3 Nf6 5. a3 Nc6 6. dxc5 Bxc5 7. b4 Bb6 8. Bb2 O-O 9. Nf3 dxc4 10. Bxc4 Qxd1+ 11. Rxd1 Bd7 12. Na4 Rfd8 13. Nxb6 axb6 14. O-O Be8 15. Bb3 Ne4 16. Rxd8 Rxd8 17. Rd1 Rxd1+ 18. Bxd1 Nd6 19. Nd2 Ne7 20. a4 b5 21. Be5 Ndc8 22. a5 Nd5 23. Bf3 Bc6 24. Bxd5 Bxd5 25. e4 Bc6 26. f3 f6 27. Bb8 e5 28. Kf2 Kf7 29. Ke3 Ke6 30. g3 Ne7 31. Nb3 Nc8 32. Nc5+ Ke7 33. Bc7 Nd6 34. Bxd6+ Kxd6 35. f4 g6 36. h4 f5 37. fxe5+ Kxe5 38. Nd3+ Ke6 39. exf5+ Kxf5 40. g4+ Ke6 41. Kd4 Bf3 42. Ne5 Be2 43. g5 Kf5 44. Nc6 Kg4 45. Ke3 Bf3 46. Ne5+ 1-0


[Site "https://www.chess.com"]

[Event "Titled Tuesday Blitz November 14 Early 2023"]
[White "Klukin, Kirill"]
[Black "Yaran, Siar"]
[WhiteFideId "24199273"]
[BlackFideId "6323006"]
[WhiteElo "2858"]
[BlackElo "2686"]
[Result "1-0"]
[Round "8"]
[TimeControl "180+1"]
[Date "2023.11.14"]
[WhiteClock "0:00:06"]
[BlackClock "0:00:00"]
[Board "32"]

1. d4 Nf6 2. Nf3 e6 3. e3 d5 4. Bd3 Bd6 5. O-O O-O 6. b3 Nc6 7. Bb2 Re8 8. Ne5 Nd7 9. Bxh7+ Kxh7 10. Qh5+ Kg8 11. Qxf7+ Kh7 12. f4 Rf8 13. Qg6+ Kg8 14. Qxe6+ Kh7 15. Rf3 Be7 16. Ng6 Rf6 17. Rh3+ Kxg6 18. Qxd5 Nde5 19. Rg3+ Kh7 20. Qxd8 Nxd8 21. fxe5 Rg6 22. Rxg6 Kxg6 23. Nd2 Ne6 24. Nf3 Ng5 25. Nh4+ Kh5 26. Nf3 Bf5 27. Kf2 Rf8 28. Ke2 Bxc2 29. Rc1 Be4 30. Rxc7 Nxf3 31. Rxe7 Ng1+ 32. Ke1 Bxg2 33. Rxg7 Rf1+ 34. Kd2 Rf2+ 35. Kc3 Ne2+ 36. Kb4 Bd5 37. e4 Bxe4 38. e6 Nf4 39. e7 Nd5+ 40. Kc5 Nxe7 41. Rxe7 Rxb2 42. Rxe4 Rxa2 43. Re7 b6+ 44. Kc4 Kg6 45. h4 Kf6 46. Rb7 Rh2 47. Rxa7 Rxh4 48. Ra6 Ke6 49. Rxb6+ Kd7 50. Rg6 Rh5 51. b4 Kc7 52. d5 Rh1 53. Kb5 Rd1 54. Rc6+ Kd7 55. Kc5 Rc1+ 56. Kb6 Rd1 57. d6 Ra1 58. b5 Ra8 59. Rc2 Rb8+ 60. Ka6 Kxd6 61. b6 Ra8+ 62. Kb7 Ra3 63. Rd2+ Kc5 64. Kc7 Rh3 65. b7 Rh7+ 66. Rd7 1-0


[Site "https://www.chess.com"]

[Event "Titled Tuesday Blitz November 14 Early 2023"]
[White "Maltsevskaya, Aleksandra"]
[Black "Rychkov, Oleg"]
[WhiteFideId "24174041"]
[BlackFideId "4122852"]
[WhiteElo "2682"]
[BlackElo "2846"]
[Result "1/2-1/2"]
[Round "8"]
[TimeControl "180+1"]
[Date "2023.11.14"]
[WhiteClock "0:00:07"]
[BlackClock "0:00:07"]
[Board "33"]

1. e4 e5 2. Nf3 Nc6 3. Bb5 a6 4. Ba4 d6 5. O-O Bg4 6. c3 Qf6 7. d4 Ne7 8. Be3 Bxf3 9. Qxf3 Qxf3 10. gxf3 O-O-O 11. Nd2 g5 12. d5 Nb8 13. c4 f5 14. c5 f4 15. cxd6 fxe3 16. dxe7 exf2+ 17. Kxf2 Bxe7 18. Ke2 Bb4 19. Rg1 h6 20. Rac1 b5 21. Bb3 Kb7 22. Nf1 Kb6 23. Ng3 c5 24. a3 Ba5 25. Ba2 Kb7 26. Nf5 Bb6 27. h4 gxh4 28. Rg7+ Rd7 29. Rg6 c4 30. b3 cxb3 31. Bxb3 h5 32. d6 Ka7 33. Be6 Rdh7 34. Ne7 Rd8 35. Nc8+ Kb7 36. Bd5+ Nc6 37. Rxc6 Rxc8 38. d7 Rxc6 39. Bxc6+ Kc7 40. Bd5 h3 41. Rc6+ Kxd7 42. Kf1 h2 43. Kg2 Bg1 44. Rxa6 Rg7+ 45. Kh1 Rg3 46. Rh6 Rxf3 47. Rxh5 Rf1 48. Kg2 Rb1 49. Rh6 Kc7 50. Kf3 Bd4 51. Rxh2 Ra1 52. Kg4 Rxa3 53. Kf5 Kb6 54. Rh6+ Kc5 55. Rc6+ Kb4 56. Ke6 Rh3 57. Rc8 Rh6+ 58. Kd7 Rh7+ 59. Kd6 Rh6+ 60. Kd7 Ka3 61. Ra8+ Kb4 62. Rb8 Rh7+ 63. Kd6 Ra7 64. Bc6 Ra5 65. Kd5 Ka4 66. Bd7 Kb4 67. Bc6 Ka4 68. Bd7 Kb4 69. Bc6 1/2-1/2


[Site "https://www.chess.com"]

[Event "Titled Tuesday Blitz November 14 Early 2023"]
[White "GatoRojo150"]
[Black "Rakhmanov, Aleksandr"]
[BlackFideId "4173708"]
[WhiteElo "2650"]
[BlackElo "2846"]
[Result "0-1"]
[Round "8"]
[TimeControl "180+1"]
[Date "2023.11.14"]
[WhiteClock "0:00:33"]
[BlackClock "0:01:40"]
[Board "34"]

1. e4 c5 2. Nf3 Nf6 3. Nc3 d5 4. exd5 Nxd5 5. Bb5+ Bd7 6. Ne5 Nf6 7. Bc4 e6 8. O-O Nc6 9. Nxd7 Qxd7 10. d3 Be7 11. Ne4 O-O 12. c3 Rad8 13. Qe2 Na5 14. Bg5 Nxe4 15. Bxe7 Nxc3 16. bxc3 Qxe7 17. Bb3 Qf6 18. Rac1 Rd6 19. f4 g6 20. g4 Rfd8 21. Rf3 b5 22. f5 exf5 23. gxf5 Nxb3 24. axb3 Qg5+ 25. Kf2 Qxc1 26. f6 Qg5 27. Qe7 R6d7 28. Qxc5 Qxc5+ 0-1


[Site "https://www.chess.com"]

[Event "Titled Tuesday Blitz November 14 Early 2023"]
[White "Feuerstack, Aljoscha"]
[Black "Kozak, Antoni"]
[WhiteFideId "4681932"]
[BlackFideId "21832030"]
[WhiteElo "2635"]
[BlackElo "2843"]
[Result "0-1"]
[Round "8"]
[TimeControl "180+1"]
[Date "2023.11.14"]
[WhiteClock "0:00:00"]
[BlackClock "0:00:36"]
[Board "35"]

1. e4 c5 2. Nf3 Nc6 3. d3 g6 4. g3 Bg7 5. Bg2 e6 6. O-O Nge7 7. c3 e5 8. a4 O-O 9. Be3 d6 10. Nbd2 h6 11. Nc4 Be6 12. Qd2 Kh7 13. Rfe1 f5 14. b3 Qd7 15. Rad1 Rf7 16. Qc2 Raf8 17. exf5 Bxf5 18. Nh4 Bg4 19. Rd2 g5 20. d4+ Kh8 21. dxe5 gxh4 22. Nxd6 Qe6 23. Nxf7+ Rxf7 24. f4 Nf5 25. Bf2 Nce7 26. gxh4 Bf8 27. Qe4 Rg7 28. Kh1 Bh5 29. Bf3 Bg6 30. Qxb7 a5 31. Qd7 Qxb3 32. Qd8 Rg8 33. Bxc5 Qxc3 34. Bxe7 Qxf3+ 35. Rg2 Bxe7 0-1


[Site "https://www.chess.com"]

[Event "Titled Tuesday Blitz November 14 Early 2023"]
[White "Ahmad, Khagan"]
[Black "Szpar, Milosz"]
[WhiteFideId "13431552"]
[BlackFideId "1184989"]
[WhiteElo "2620"]
[BlackElo "2840"]
[Result "1-0"]
[Round "8"]
[TimeControl "180+1"]
[Date "2023.11.14"]
[WhiteClock "0:00:03"]
[BlackClock "0:00:02"]
[Board "36"]

1. Nf3 c5 2. c4 Nc6 3. Nc3 g6 4. g3 Bg7 5. Bg2 d6 6. O-O e6 7. e3 Nge7 8. d4 cxd4 9. exd4 d5 10. cxd5 exd5 11. Re1 h6 12. Ne5 O-O 13. Nxc6 bxc6 14. b3 Nf5 15. Ba3 Re8 16. Rxe8+ Qxe8 17. Bc5 Kh7 18. Qd2 Qh8 19. Rd1 h5 20. h4 Be6 21. Ne2 a5 22. Qd3 Bc8 23. Nf4 a4 24. Bh3 axb3 25. axb3 Ra2 26. Nxh5 Bh6 27. Re1 Rd2 28. Qf3 Qd8 29. Re8 Qc7 30. Re7 Rd1+ 31. Kg2 Nxh4+ 32. gxh4 Bxh3+ 33. Qxh3 Qd8 34. Rxf7+ Kh8 35. Qe6 Qxh4 36. Qe8+ Bf8 37. Qxf8# 1-0


[Site "https://www.chess.com"]